 Dungeon Crawl Stone Soup version 0.32-a0-13-gbaedc5810e (webtiles) character file.

Game seed: 4382723735461884974

3 Bapho the Ruffian (level 1, -4/9 HPs)
             Began as a Draconian Shapeshifter on Jan 15, 2024.
             Frozen to death by an endoplasm (5 damage)
             ... on level 1 of the Dungeon.
             The game lasted 00:01:39 (32 turns).

Bapho the Ruffian (Draconian Shapeshifter)            Turns: 32, Time: 00:01:40

Health: -4/9       AC:  4    Str: 16    XL:     1   Next: 41%
Magic:  1/1        EV: 16    Int: 10    God:
Gold:   0          SH:  0    Dex: 10    Spells: 0/0 levels left

rFire   . .          .
                       - Unarmed
rCold   . . .        (shield currently unavailable)
rNeg    . . .        (body armour unavailable)
rPois   .            (helmet restricted)
rElec   .            (no cloak)
rCorr   .            (no gloves)
SInv    .            (no boots)
Will    .....        (no amulet)
Stlth   +            (no ring)
HPRegen 0.21/turn    (no ring)
MPRegen 0.07/turn

%: no passive effects
@: flux-form, glowing
A: glow, contaminating, reduced hp, AC +4, unfitting armour, cold-blooded
a: Begin Untransformation


You were on level 1 of the Dungeon.
You were something dangerously unstable.
You visited 1 branch of the dungeon, and saw 1 of its levels.

Inventory:

Talismans
 b - a beast talisman
 c - a flux talisman (active)
Potions
 a - a potion of lignification


   Skills:
 + Level 1.2 Fighting
 + Level 1.8 Dodging
 + Level 3.0 Unarmed Combat
 + Level 3.0 Shapeshifting


You couldn't memorise any spells.
You didn't know any spells.
Your spell library was empty.

Dungeon Overview and Level Annotations

Branches:
Dungeon (1/15)

Altars:


Innate Abilities, Weirdness & Mutations

You are something dangerously unstable.
You glow with magical radiation, making you easy to see and hit.
Foes you strike become dangerously contaminated with magical radiation.
Your maximum health is decreased, since you lack skill for your form.
You are incapable of wielding weapons or throwing items.
Your plain brown scales are hard. (AC +4)
You cannot fit into any form of body armour.
You are cold-blooded and may be slowed by cold attacks.


Message History

The jackal bites you.
* * * LOW HITPOINT WARNING * * *
The jackal closely misses you.
You continue transforming.
The giant cockroach barely misses you.
The jackal bites you but does no damage.
The giant cockroach barely misses you. The jackal barely misses you.
The giant cockroach misses you. The jackal misses you.
Your transformation has ended.
You turn into something dangerously unstable.
The giant cockroach closely misses you. The jackal closely misses you.
The jackal misses you. The giant cockroach closely misses you.
The giant cockroach misses you.
You hit the giant cockroach but do no damage.
The giant cockroach begins to glow.
The giant cockroach is heavily wounded.
The jackal barely misses you.
The jackal bites you but does no damage.
The giant cockroach misses you. x2; The jackal closely misses you.
You hit the giant cockroach but do no damage.
The giant cockroach glows dangerously bright.
The giant cockroach is heavily wounded.
The jackal bites you but does no damage.
The endoplasm jiggles.
The giant cockroach bites you but does no damage.
The jackal bites you but does no damage.
The giant cockroach barely misses you.
The jackal bites you but does no damage.
You hit the giant cockroach.
The giant cockroach shudders as magic cascades through it!
You kill the giant cockroach!
The jackal bites you but does no damage.
The giant cockroach barely misses you. The jackal completely misses you.
You closely miss the jackal. The jackal closely misses you.
The jackal misses you. The giant cockroach bites you.
* * * LOW HITPOINT WARNING * * *
The endoplasm freezes you.
You are frozen.
Ouch! That really hurt!
You die...

.... .... .....
###+#######+### .....
#..⌠...>...⌠..#!.....
#......<...JrB#r.....
+⌠....###..rhJBgK....
#.........hJhp#..####
#######'####### ....
#.....J..JJrJ.# #...
#.....J.....J.# ..
#.............# .
###############


You could see a jelly, 5 endoplasms, 3 jackals, 2 giant cockroaches, a
hobgoblin, a kobold and 4 rats.

Vanquished Creatures
  A giant cockroach (D:1)
  A jackal (D:1)
  A rat (D:1)
3 creatures vanquished.

Notes
Turn   | Place    | Note
-------+----------+-------------------------------------------
     0 | D:1      | Bapho the Draconian Shapeshifter began the quest for the
                  | Orb.
     0 | D:1      | Reached XP level 1. HP: 16/16 MP: 1/1
     1 | D:1      | Found a runed translucent door.
     3 | D:1      | Noticed a jelly
    32 | D:1      | Frozen to death by an endoplasm

Illustrated notes

Levels and vault maps discovered:
D:1:      dpeg_arrival_caged_fury, layout_basic

Action                     || total
---------------------------++-------
  Melee: Unarmed           ||    12
 Armour: Skin              ||    41
  Dodge: Dodged            ||    61
   Form: Flux              ||     1

Table legend: (Time is in decaauts)
 A = Elapsed time spent in this place.
 B = Non-inter-level travel time spent in this place.
 C = Inter-level travel time spent in this place.
 D = Time resting spent in this place.
 E = Time spent auto-exploring this place.
 F = Levels seen in this place.
 G = Mean time per level.
                   A        B        C        D        E       F      G
               +--------+--------+--------+--------+--------+-----+--------+
         Total |     31 |     31 |      0 |      0 |      0 |   1 |   31.0 |
       Dungeon |     31 |     31 |      0 |      0 |      0 |   1 |   31.0 |
               +--------+--------+--------+--------+--------+-----+--------+

Top non-repeatable levels by time:
     D:1: 31 daAuts
